 Dungeon Crawl Stone Soup version 0.31-a0-236-g9a0961fb85 (webtiles) character file.

Game seed: 13252444891683216768

35 qw the Shooter (level 3, -2/21 HPs)
             Began as a Gargoyle Hexslinger on July 10, 2023.
             Frozen to death by an endoplasm (3 damage)
             ... on level 1 of the Dungeon.
             The game lasted 00:00:18 (961 turns).

qw the Shooter (Gargoyle Hexslinger)                 Turns: 961, Time: 00:00:19

Health: -2/21      AC:  6    Str: 11    XL:     3   Next: 33%
Magic:  4/4        EV: 12    Int: 13    God:
Gold:   55         SH:  5    Dex: 14    Spells: 3/4 levels left

rFire   . . .        Y - +1 sling
rCold   . . .        (no shield)
rNeg    + . .        c - +0 robe
rPois   inf          (no helmet)
rElec   +            (no cloak)
rCorr   .            (no gloves)
SInv    .            d - +0 pair of boots
Will    .....        g - amulet of reflection
Stlth   +            (no ring)
HPRegen 0.23/turn    (no ring)
MPRegen 0.09/turn

%: reflection
@: no status effects
A: sickness immunity, AC +3, negative energy resistance 1, electricity
resistance, torment resistance 1, petrification resistance
a: no special abilities


You were on level 1 of the Dungeon.
You visited 1 branch of the dungeon, and saw 2 of its levels.

You collected 55 gold pieces.


Innate Abilities, Weirdness & Mutations

You are immune to sickness and miasma.
Your stone body is resilient. (AC +3)
You are immune to poison.
You resist negative energy. (rN+)
You are resistant to electric shocks. (rElec)
You are resistant to unholy torment.
You are immune to petrification.


   Skills:
 - Level 2.0 Fighting
 + Level 3.3 Ranged Weapons
 - Level 1.5 Dodging
 - Level 1.0 Spellcasting
 - Level 2.6 Hexes


You had 3 spell levels left.
You knew the following spells:

 Your Spells              Type           Power      Damage    Failure   Level
a - Slow                  Hex            28%        N/A       10%         1

Your spell library contained the following spells:

 Spells                   Type           Power      Damage    Failure   Level
 Inner Flame              Hex/Fire       4%         N/A       43%         3
 Portal Projectile        Hex/Tloc       8%         N/A       43%         3
 Cause Fear               Hex            3%         N/A       67%         4

Inventory:

Hand Weapons
 Y - a +1 sling (weapon)
Armour
 c - a +0 robe (worn)
 d - a +0 pair of boots (worn)
Jewellery
 g - an amulet of reflection (around neck)
Potions
 e - a potion of resistance {unknown}
 f - a potion of magic {unknown}
 h - a potion of lignification {unknown}

Dungeon Overview and Level Annotations

Branches:
Dungeon (2/15)

Altars:

Shops:
D:1 [


Message History

You shoot a sling bullet. The sling bullet misses the adder.
The adder barely misses you. The endoplasm barely misses you.
You shoot a sling bullet. The sling bullet misses the adder.
The adder barely misses you. The endoplasm freezes you.
You are frozen.
The adder closely misses you.
You shoot a sling bullet. The sling bullet misses the adder.
The adder completely misses you. The endoplasm freezes you.
You are frozen.
You shoot a sling bullet. The sling bullet misses the adder.
The adder misses you. The endoplasm freezes you.
You are frozen.
The adder bites you but does no damage.
You shoot a sling bullet.
The sling bullet closely misses the adder.
The endoplasm hits you but does no damage.
The adder completely misses you. The endoplasm misses you.
The adder bites you but does no damage.
You shoot a sling bullet.
The sling bullet closely misses the adder.
The adder bites you but does no damage. The endoplasm freezes you.
You are frozen.
You shoot a sling bullet. The sling bullet misses the adder.
The adder closely misses you. The endoplasm barely misses you.
You block the adder's attack.
You shoot a sling bullet.
The sling bullet closely misses the adder.
The endoplasm hits you but does no damage.
The adder misses you.
You shoot a sling bullet. The sling bullet misses the adder.
The adder bites you but does no damage. The endoplasm freezes you.
You are frozen.
The adder bites you. The endoplasm completely misses you.
You shoot a sling bullet. The sling bullet hits the adder.
You kill the adder!
The endoplasm freezes you.
You are frozen.
You die...

##########################.#
........# #...........#
........# #.###########
.?......# #.# ######### #.#
######## #.# .......# #.#
.......#########.#
.......).......J@#
.......#########.# .......#
#.# .......# #.# ########
#.# #.# # #.# # #.# # #.#


You could see an endoplasm.

Vanquished Creatures
  2 adders
  2 dart slugs (D:1)
  An endoplasm (D:1)
  A giant cockroach (D:1)
  3 goblins (D:1)
  4 hobgoblins (D:1)
  A kobold (D:1)
  3 ball pythons (D:1)
  A frilled lizard (D:1)
  2 rats (D:1)
20 creatures vanquished.

Notes
Turn   | Place    | Note
-------+----------+-------------------------------------------
     0 | D:1      | qw the Gargoyle Hexslinger began the quest for the Orb.
     0 | D:1      | Reached XP level 1. HP: 12/12 MP: 2/2
     0 | D:1      | 0 ||| qw: Version: 0.3-a-52-g30416fa
     0 | D:1      | 0 ||| qw: Game counter: 4650
     0 | D:1      | 0 ||| qw: Melee chars always use a shield: true
     0 | D:1      | 0 ||| qw: God list: Okawaru
     0 | D:1      | 0 ||| qw: Allow faded altars: false
     0 | D:1      | 0 ||| qw: Do Orc after clearing Dungeon:15 true
     0 | D:1      | 0 ||| qw: Do second Lair branch before Depths: true
     0 | D:1      | 0 ||| qw: Lair rune preference: random
     0 | D:1      | 0 ||| qw: Goals: Normal
     0 | D:1      | 0 ||| PLANNING D:1-11
   172 | D:1      | HP: 3/12 [frozen (5)]
   276 | D:1      | Found Wamnoari's Antique Armour Emporium.
   285 | D:1      | 285 ||| SHOPLISTING glowing ring mail (126 gold, have 15).
   285 | D:1      | 285 ||| SHOPLISTING ring mail (72 gold, have 15).
   285 | D:1      | 285 ||| SHOPLISTING shiny helmet (135 gold, have 15).
   291 | D:1      | Reached XP level 2. HP: 16/16 MP: 3/3
   381 | D:1      | Reached skill level 3 in Ranged Weapons
   749 | D:1      | Reached XP level 3. HP: 21/21 MP: 4/4
   899 | D:1      | 899 ||| UPGRADING to +0 pair of boots.
   904 | D:1      | 904 ||| UPGRADING to amulet of reflection.
   909 | D:1      | 909 ||| READING scroll labelled LOFATI FAEGE.
   910 | D:1      | 910 ||| DROPPING scroll of poison.
   949 | D:2      | 949 ||| STAIRDANCE
   954 | D:1      | HP: 4/21 [frozen (5)]
   960 | D:1      | HP: 3/21 [frozen (1)]
   960 | D:1      | HP: 1/21 [adder (2)]
   961 | D:1      | Frozen to death by an endoplasm

Levels and vault maps discovered:
D:1:      spicycebolla_green_bress_n_ham, layout_basic, serial_shops, shop
D:2:      layout_rooms, shapermc_ecumenical_altar_venn, serial_shops, shop,
          serial_glass, glass_columns_c, glass_columns_a, glass_columns_a,
          glass_columns_a, glass_columns_b, glass_columns_c, glass_columns_b,
          glass_columns_b, glass_columns_b, glass_columns_b

Skill      XL: |  1  2 |
---------------+-------+-----
Ranged Weapons | 3 |  3.3
Fighting       | 2 |  2.0
Dodging        | |  1.5
Spellcasting   | |  1.0
Hexes          | |  2.6

Action                     || total
---------------------------++-------
   Fire: Sling             ||    83
    Use: Scroll            ||     1
 Armour: Robe              ||    23
  Dodge: Dodged            ||    42
  Block: Other             ||     5

Table legend:
 A = Non-vault XP
 B = Vault XP
 C = Vault XP percentage of total XP
 D = Non-vault monster count
 E = Vault monster count
 F = Vault count percentage of total count
                 A         B        C        D         E       F
            +---------+---------+-------+---------+---------+-------
      Total |      63 |       0 |   0.0 |      20 |       0 |   0.0
            +---------+---------+-------+---------+---------+-------
        D:1 |      49 |       0 |   0.0 |      19 |       0 |   0.0
        D:2 |      14 |       0 |   0.0 |       1 |       0 |   0.0
            +---------+---------+-------+---------+---------+-------
